AoeStats
← Bussa

Arena

509021487Analyzed
4v4 RM · 9d ago on Sep 25, 2026· 50m 50s· 8 players
Game mode
Random Map
Map size
Large (8 player)
Population
200
Speed
Normal
Resources
Standard
Victory
Conquest
Starting age
Dark Age
Ending age
Imperial Age
RankedLock teamsTeams togetherTeam positionsShared explorationLock speedFull tech treeHidden civsTurbo modeCheats
Victory
Defeat
🇺🇸 Varangians · United States
1254
+10
🇺🇸 Danes · United States
1166
+13
🇺🇸 Goths · United States
1160
+14
🇺🇸 Saxons · United States
1127
+15
🇲🇲 Magyars · Myanmar (Burma)
1162
-15
🇭🇰 Teutons · Hong Kong SAR China
1129
-14
🇵🇪 Vietnamese · Peru
1092
-12
🇵🇪 Japanese · Peru
1047
-11
Teutons_CF
3:44 Loom
10:48 Feudal Age
11:14 Double-Bit Axe
11:28 Town Watch
19:53 Castle Age
18:29 Stone Mining
18:31 Gold Mining
18:24 Horse Collar
23:54 Heavy Plow
24:07 Bow Saw
25:34 Wheelbarrow
26:58 Fletching
30:44 Imperial Age
28:29 Man-at-Arms
28:55 Gambesons
29:10 Squires
29:24 Scale Mail Armor
29:35 Forging
29:21 Bodkin Arrow
29:25 Guard Tower
30:47 Fortified Wall
30:48 Masonry
32:40 Chemistry
34:24 Elite Skirmisher
37:55 Padded Archer Armor
39:00 Conscription
39:16 Hoardings
39:06 Imperial Skirmisher
41:33 Bloodlines
42:13 Chain Mail Armor
jochizan
11:22 Feudal Age
15:36 Castle Age
13:56 Double-Bit Axe
13:57 Horse Collar
16:49 Wheelbarrow
17:15 Bow Saw
19:35 Loom
24:48 Gold Mining
29:14 Imperial Age
27:59 Hand Cart
27:30 Town Watch
27:40 Fletching
27:51 Padded Archer Armor
28:01 Stone Mining
28:27 Bloodlines
29:51 Chatras
29:54 Husbandry
30:23 Bodkin Arrow
31:35 Paper Money
31:25 Bracer
31:40 Leather Archer Armor
31:34 Scale Barding Armor
31:39 Forging
31:32 Scale Mail Armor
32:13 Leather Archer Armor
32:50 Elite Battle Elephant
34:21 Iron Casting
34:27 Elite Rattan Archer
35:49 Ballistics
35:53 Masonry
37:11 Chemistry
36:18 Siege Engineers
36:11 Murder Holes
itsDuDu
10:22 Feudal Age
10:33 Loom
15:13 Castle Age
13:35 Double-Bit Axe
13:31 Horse Collar
16:40 Wheelbarrow
19:59 Bow Saw
23:18 Fletching
24:05 Heavy Plow
24:41 Gold Mining
26:44 Bodkin Arrow
26:55 Scale Barding Armor
27:46 Hand Cart
30:09 Gold Shaft Mining
32:55 Imperial Age
31:05 Town Watch
32:02 Ballistics
31:23 Treadmill Crane
32:14 Thumb Ring
33:31 Town Patrol
34:03 Parthian Tactics
34:44 Chemistry
34:14 Stone Mining
34:47 Masonry
34:43 Bracer
35:03 Chain Barding Armor
35:09 Conscription
34:57 Corvinian Army
35:00 Recurve Bow
36:10 Siege Engineers
36:11 Padded Archer Armor
35:41 Elite Magyar Huszar
36:46 Heavy Cavalry Archer
37:54 Elite Skirmisher
39:56 Hoardings
39:50 Imperial Skirmisher
45:14 Coinage
47:14 Plate Barding Armor
47:16 Crop Rotation
Sumyil
10:27 Feudal Age
15:10 Castle Age
13:52 Double-Bit Axe
24:35 Wheelbarrow
23:49 Loom
25:43 Gold Mining
26:05 Bow Saw
25:41 Horse Collar
26:45 Forging
26:35 Scale Mail Armor
30:43 Imperial Age
28:57 Hand Cart
28:29 Town Watch
28:42 Stone Mining
29:33 Gold Shaft Mining
29:48 Heavy Plow
30:18 Chain Mail Armor
30:38 Iron Casting
30:18 Chain Mail Armor
30:43 Iron Casting
30:54 Capped Ram
31:41 Squires
31:29 Arson
31:30 Gambesons
32:10 Conscription
32:28 Plate Mail Armor
33:25 Blast Furnace
32:15 Elite Samurai
33:32 Pikeman
34:45 Halberdier
40:14 Man-at-Arms
42:50 Long Swordsman
43:33 Two-Handed Swordsman
44:11 Champion
Bussa
11:39 Feudal Age
15:36 Castle Age
14:17 Double-Bit Axe
14:35 Stone Mining
16:36 Horse Collar
18:30 Loom
23:48 Wheelbarrow
22:59 Loom
26:58 Hand Cart
26:43 Hamask
31:46 Imperial Age
29:19 Gold Mining
29:56 Squires
29:42 Gambesons
29:42 Arson
30:46 Heavy Plow
31:08 Bow Saw
31:38 Gold Shaft Mining
31:31 Forging
31:23 Scale Mail Armor
32:50 Iron Casting
32:02 Elite Varangian Guard
32:07 Capped Ram
33:13 Conscription
33:17 Town Watch
33:05 Northmen's Fury
33:30 Onager
35:06 Chain Mail Armor
35:52 Blast Furnace
35:10 Siege Onager
35:52 Capped Ram
38:42 Elite Jomsviking
42:31 Siege Ram
44:36 Plate Mail Armor
shockmystic
11:21 Feudal Age
12:21 Double-Bit Axe
15:14 Castle Age
13:39 Horse Collar
17:33 Bow Saw
18:59 Loom
20:03 Wheelbarrow
19:30 Town Watch
20:31 Heavy Plow
23:49 Hand Cart
24:22 Gold Mining
25:03 Scale Barding Armor
25:08 Forging
26:14 Bloodlines
26:38 Chain Barding Armor
27:19 Husbandry
28:20 Iron Casting
31:05 Imperial Age
28:37 Vendel Legacy
31:23 Cavalier
32:49 Plate Barding Armor
32:45 Conscription
31:57 Pikeman
32:43 Scale Mail Armor
34:58 Blast Furnace
34:20 Halberdier
35:44 Chain Mail Armor
35:37 Squires
35:23 Arson
44:04 Plate Mail Armor
44:43 Two-Man Saw
44:16 Crop Rotation
48:38 Herbal Medicine
BiggestNerd
11:08 Feudal Age
14:52 Castle Age
12:40 Double-Bit Axe
13:03 Horse Collar
15:53 Bow Saw
21:00 Wheelbarrow
21:28 Town Watch
21:30 Loom
23:41 Gold Mining
23:44 Stone Mining
24:29 Fletching
28:05 Imperial Age
26:21 Hand Cart
26:19 Bodkin Arrow
26:24 Padded Archer Armor
27:50 Ballistics
29:49 Chemistry
29:09 Pikeman
30:50 Conscription
31:22 Leather Archer Armor
31:18 Forging
31:09 Scale Mail Armor
32:09 Bracer
33:59 Iron Casting
33:44 Anarchy
36:51 Guilds
37:15 Elite Huskarl
38:48 Perfusion
39:15 Squires
40:54 Chain Mail Armor
43:54 Blast Furnace
43:25 Ring Archer Armor
44:35 Caravan
3lbsofSalt[FAM]
10:56 Feudal Age
14:40 Castle Age
12:43 Double-Bit Axe
12:47 Horse Collar
15:41 Bow Saw
20:15 Heavy Plow
21:08 Wheelbarrow
22:27 Gold Mining
24:17 Hand Cart
23:48 Town Watch
23:54 Loom
26:14 Man-at-Arms
28:14 Forging
28:05 Scale Mail Armor
27:31 Long Swordsman
27:58 Gambesons
28:13 Squires
27:59 Arson
31:31 Imperial Age
32:29 Iron Casting
32:09 Chain Mail Armor
32:39 Gold Shaft Mining
31:35 Shield Wall
32:36 Conscription
31:56 Two-Handed Swordsman
33:30 Champion
35:04 Plate Mail Armor
47:27 Heavy Scorpion
48:31 Ballistics
49:12 Chemistry
Connection lost

Rejoining the realm…

Still unreachable

The connection could not be restored.

Session expired

The server has moved on; the page needs a fresh start.